 Dungeon Crawl Stone Soup version 0.24-a0-769-g368c164 (webtiles) character file.

Game seed: 10037937675841597360, levelgen mode: deterministic

11 Charmandara the Caller (level 2, -2/17 HPs)
             Began as an Octopode Summoner on Oct 6, 2019.
             Slain by a goblin
             ... wielding a +0 club
              (4 damage)
             ... on level 1 of the Dungeon.
             The game lasted 00:01:12 (617 turns).

Charmandara the Caller (Octopode Summoner)           Turns: 617, Time: 00:01:13

Health: -2/17      AC:  1    Str:  7    XL:     2   Next: 29%
Magic:  4/5        EV: 13    Int: 17    God:
Gold:   12         SH:  0    Dex: 12    Spells: 4/5 levels left

rFire    . . .     SeeInvis .   a - +0 whip
rCold    . . .     Gourm    .   (no shield)
rNeg     . . .     Faith    .   (helmet restricted)
rPois    .         Spirit   .   (no amulet)
rElec    .         Reflect  .   (no ring)
rCorr    .         Harm     .   (no ring)
MR       .....                  (no ring)
Stlth    +++.......             (no ring)
HPRegen  0.05/turn              (no ring)
MPRegen  0.09/turn              (no ring)
                                (no ring)
                                (no ring)

@: no status effects
A: almost no armour, stealthy swim, amphibious, 8 rings, constrict 8, camouflage
1, gelatinous body 1
a: no special abilities


You were on level 1 of the Dungeon.
You were not hungry.

You visited 1 branch of the dungeon, and saw 1 of its levels.

You collected 12 gold pieces.

Inventory:

Hand Weapons
 a - a +0 whip (weapon)
   (You took it off a kobold on level 1 of the Dungeon)
Scrolls
 c - a scroll of identify {unknown}
Potions
 d - a potion of flight {unknown}
Comestibles
 b - 3 rations
 f - 3 chunks of flesh {@w0}


   Skills:
 - Level 2.0 Dodging
 + Level 3.2 Stealth
 - Level 2.0 Spellcasting
 * Level 4.3 Summonings


You had 4 spell levels left.
You knew the following spells:

 Your Spells              Type           Power        Failure   Level  Hunger
a - Summon Small Mammal   Summ           ###.         3%          1    #......

Your spell library contained the following spells:

 Spells                   Type           Power        Failure   Level  Hunger
 Call Imp                 Summ           ###.....     4%          2    ###....
 Call Canine Familiar     Summ           ###.....     10%         3    ###....
 Summon Guardian Golem    Hex/Summ       #.......     24%         3    ###....
 Summon Ice Beast         Ice/Summ       #.......     61%         4    #####..
 Summon Lightning Spire   Summ/Air       #.......     61%         4    #####..


Dungeon Overview and Level Annotations

Branches:
Dungeon (1/15)

Altars:


Innate Abilities, Weirdness & Mutations

You cannot wear most types of armour.
You are very stealthy in the water. (Stealth+)
You are amphibious.
You can wear up to eight rings at the same time.
You can use your tentacles to constrict eight enemies at once.
Your skin changes colour to match your surroundings (Stealth+).
Your rubbery body absorbs attacks. (AC +1, EV +1)


Message History

You hit the rat.
You kill the rat!
A dart slug comes into view.
A dart slug is nearby!
The helpless dart slug fails to defend itself.
You hit the dart slug. You grab the dart slug. You constrict the dart slug.
The dart slug barely misses you.
You hit the dart slug. You constrict the dart slug.
The dart slug launches a dart at you. The slug dart misses you.
You hit the dart slug. You constrict the dart slug.
You kill the dart slug!
You have reached level 2!
You regained 5 hp, and now have 15/17 hp.
MP restored: 5 You see here a dagger.
c - a scroll labeled MISEIM ATUWIESHU Health restored: 17 A hobgoblin comes into view.
A rat comes into view.
The hobgoblin shouts!
You hear a shout!
Found a stone staircase leading down.
You now have 4/5 mp.
Unknown command.
Unknown command.
You closely miss the hobgoblin. Your grab misses the hobgoblin.
The hobgoblin misses you.
Your rat bites the hobgoblin.
You hit the hobgoblin. Your grab misses the hobgoblin. The hobgoblin hits you.
A goblin comes into view.
Your rat closely misses the hobgoblin.
You take 3 damage, and have 14/17 hp.
You hit the hobgoblin but do no damage. Your grab misses the hobgoblin.
The hobgoblin closely misses you.
Your rat bites the hobgoblin but does no damage.
You hit the hobgoblin but do no damage. You grab the hobgoblin.
You squeeze the hobgoblin, but do no damage.
You constrict the hobgoblin, but do no damage.
The hobgoblin misses you. The rat misses you.
Your rat bites the hobgoblin but does no damage.
You hit the hobgoblin but do no damage. You constrict the hobgoblin.
The hobgoblin hits you. The rat barely misses you.
Your rat bites the hobgoblin but does no damage.
The hobgoblin closely misses you.
You take 3 damage, and have 11/17 hp.
You hit the hobgoblin but do no damage. You squeeze the hobgoblin.
You kill the hobgoblin!
The rat closely misses you.
You hit the rat.
You kill the rat!
The goblin completely misses you.
Your rat bites the goblin.
You hit the goblin.
You kill the goblin!
You see here a goblin corpse.
You butcher the goblin corpse.
f - 3 chunks of flesh {@w0} You see here a goblin skeleton.
MP restored: 5 You start resting.
Your rat disappears in a puff of smoke!
Health restored: 17 You now have 12 gold pieces.
A goblin comes into view. It is wielding a +0 club.
The goblin shouts!
A goblin is nearby!
The goblin hits you with a +0 club.
You take 6 damage, and have 11/17 hp.
MASSIVE DAMAGE!!
You barely miss the goblin. Your grab misses the goblin.
The goblin closely misses you.
You closely miss the goblin. Your grab misses the goblin.
The goblin hits you with a +0 club.
You take 3 damage, and have 8/17 hp.
You closely miss the goblin. You grab the goblin. You constrict the goblin.
The goblin hits you with a +0 club.
* * * LOW HITPOINT WARNING * * *
You take 3 damage, and have 5/17 hp.
You release your grip on the goblin.
The goblin barely misses you.
You now have 4/5 mp.
Unknown command.
Found a stone staircase leading down.
The goblin hits you but does no damage.
Your quokka misses the goblin.
Your quokka bites the goblin.
You now have 3/5 mp.
Unknown command.
Your bat hits the goblin. The goblin hits you with a +0 club.
* * * LOW HITPOINT WARNING * * *
You take 5 damage, and have 1/17 hp.
MASSIVE DAMAGE!!
Your bat hits the goblin.
Your bat closely misses the goblin.
Your quokka closely misses the goblin.
Your bat closely misses the goblin.
You swap places.
A kobold comes into view. It is wielding a +0 club.
The kobold shouts!
Your bat hits the goblin.
Your quokka closely misses the goblin.
Your bat closely misses the goblin.
Your bat barely misses the goblin.
Your bat misses the goblin. The goblin hits you with a +0 club.
You die...

##.... #. #...## #. #### ##.
######..... #.> ..### #..
#.......##. .#..# #.#.###.#
#####.####.###.
....###......K###.....# #.###.
#.......####..###..######.##.. #
#.........b................... #
#..........rg@.###).#####.###. #
##......##.###..###..####.# #. #
##.....##.# ##.####..##..# #.
#####......##.####...###....## #.
..##..###..##......#......### #.
.....## ##.##.####.######..## .
....######.#..####..#####...#
###.....##.#.....................
#####..#..########.####.####.#.


You could see a goblin, a kobold, a friendly quokka and a friendly bat.

Vanquished Creatures
  A dart slug (D:1)
  A goblin (D:1)
  3 hobgoblins (D:1)
  2 kobolds (D:1)
  A frilled lizard (D:1)
  3 rats (D:1)
11 creatures vanquished.

Notes
Turn   | Place    | Note
-------+----------+-------------------------------------------
     0 | D:1      | Charmandara the Octopode Summoner began the quest for the
                  | Orb.
     0 | D:1      | Reached XP level 1. HP: 11/11 MP: 3/3
   204 | D:1      | Reached skill level 3 in Stealth
   374 | D:1      | Reached XP level 2. HP: 15/17 MP: 5/5
   612 | D:1      | HP: 1/17 [goblin/+0 club (5)]
   617 | D:1      | Slain by a goblin

Levels and vault maps discovered:
D:1:      dpeg_arrival_shelter, layout_rooms

Skill      XL: |  1 |
---------------+----+-----
Stealth        | 3 |  3.2
Dodging        | |  2.0
Spellcasting   | |  2.0
Summonings     | |  4.3

Action                   || total
-------------------------++-------
Melee: Unarmed           ||    11
       Whip              ||    20
       Constrict         ||     8
       Tentacles         ||     4
 Cast: Summon Small Mamm ||     6
 Stab: Sleeping          ||     2
       Distracted        ||     1
Armor: Skin              ||     1
Dodge: Dodged            ||    21

Table legend:
 A = Non-vault XP
 B = Vault XP
 C = Vault XP percentage of total XP
 D = Non-vault monster count
 E = Vault monster count
 F = Vault count percentage of total count
                 A         B        C        D         E       F
            +---------+---------+-------+---------+---------+-------
      Total |      17 |       0 |   0.0 |      11 |       0 |   0.0
            +---------+---------+-------+---------+---------+-------
        D:1 |      17 |       0 |   0.0 |      11 |       0 |   0.0
            +---------+---------+-------+---------+---------+-------

Levels and vault maps discovered:
D:1:      dpeg_arrival_shelter, layout_rooms

Table legend:
 A = Turns spent in this place as a percentage of turns spent in the entire game.
 B = Non-inter-level travel turns spent in this place as a percentage of non-inter-level travel turns spent in the entire game.
 C = Inter-level travel turns spent in this place as a percentage of turns spent in this place.
 D = Turns resting spent in this place as a percentage of non-inter-level travel turns spent in this place.
 E = Turns spent auto-exploring this place as a percentage of non-inter-level travel turns spent in this place.
 F = Non-inter-level travel turns spent in this place divided by the number of levels of this place that you've seen.
                   A       B       C       D       E      F
               +-------+-------+-------+-------+-------+----------------------
         Total | 100.0 | 100.0 |   0.0 |  57.9 |  21.4 | 617.0
       Dungeon | 100.0 | 100.0 |   0.0 |  57.9 |  21.4 | 617.0
               +-------+-------+-------+-------+-------+----------------------

Table legend:
 A = Kills in this place as a percentage of kills in entire the game.
 B = Kills by you in this place as a percentage of kills by you in the entire game.
 C = Kills by friends in this place as a percentage of kills by friends in the entire game.
 D = Other kills in this place as a percentage of other kills in the entire game.
 E = Experience gained in this place as a percentage of experience gained in the entire game.
 F = Experience gained in this place divided by the number of levels of this place that you have seen.
                   A       B       C       D       E      F
               +-------+-------+-------+-------+-------+----------------------
         Total | 100.0 | 100.0 |   N/A |   N/A | 100.0 |  17.0
       Dungeon | 100.0 | 100.0 |   N/A |   N/A | 100.0 |  17.0
               +-------+-------+-------+-------+-------+----------------------
